 Dungeon Crawl Stone Soup version 0.28-a0-1227-ga9037bb4c8 (webtiles) character file.

Game seed: 17839918310793802446

244299 wakim the Warrior (level 19, -10/179 HPs)
             Began as a Ghoul Monk on Dec 22, 2021.
             Was the Champion of Makhleb.
             Blown up by a great orb of eyes (12 damage)
             ... with a mindburst bolt
             ... while paralysed by a great orb of eyes
             ... on level 2 of the Depths.
             The game lasted 03:13:40 (42402 turns).

wakim the Warrior (Ghoul Monk)                     Turns: 42402, Time: 03:13:40

Health: -10/179    AC: 23    Str: 23    XL:     19   Next: 89%
Magic:  29/29      EV:  2    Int:  5    God:    Makhleb [******]
Gold:   3164       SH:  0    Dex: 25    Spells: 18/18 levels left

rFire   + . .      SeeInvis .   b - +9 quick blade (elec)
rCold   + . .      Faith    .   p - +6 buckler "Daocwus" {Dex+2}
rNeg    + + +      Spirit   .   i - +2 scale mail of Adghatiten {Str+4 Dex+2 Slay+5 Stlth+}
rPois   ∞          Reflect  .   a - +2 helmet of Activism {rF+}
rElec   .          Harm     .   g - +1 cloak
rCorr   .          Rampage  .   C - +2 pair of gloves
Will    ++...                   y - +2 pair of boots {Stlth+}
Stlth   ++++++....              P - amulet of the acrobat
HPRegen 0.00/turn               h - ring of willpower
MPRegen 0.21/turn               O - +6 ring of dexterity

@: paralysed, inhibited regen
A: claws 1, cold resistance 1, negative energy resistance 3, inhibited
regeneration, torment resistance 2
}: 1/15 runes: gossamer
a: Renounce Religion, Minor Destruction, Lesser Servant of Makhleb, Major
Destruction, Greater Servant of Makhleb


You were on level 2 of the Depths.
You worshipped Makhleb.
Makhleb was exalted by your worship.
You visited 7 branches of the dungeon, and saw 31 of its levels.
You visited the Abyss 1 time.
You also visited: Bailey, Ice Cave and Wizlab.

You collected 4360 gold pieces.
You spent 1196 gold pieces at shops.

Inventory:

Hand Weapons
 b - a +9 quick blade of electrocution (weapon)
 f - the +6 lajatang "Ohituf Womm" {elec, rCorr}
   (You found it on level 6 of the Lair of Beasts)

   It occasionally discharges a powerful burst of electricity upon striking a
   foe.
   rCorr:     It protects you from acid and corrosion.
Missiles
 e - 5 throwing nets {=f!f}
 j - 114 poisoned darts
 k - 49 boomerangs
 W - 12 javelins
Armour
 a - the +2 helmet of Activism (worn) {rF+}
   (You acquired it on level 14 of the Dungeon)

   rF:        It protects you from fire.
 d - a +2 tower shield of protection
 g - a +1 cloak (worn)
 i - the +2 scale mail of Adghatiten (worn) {Str+4 Dex+2 Slay+5 Stlth+}
   (You bought it in a shop on level 2 of the Dungeon)

   Str:       It affects your strength (+4).
   Dex:       It affects your dexterity (+2).
   Slay:      It affects your accuracy & damage with ranged weapons and melee
   (+5).
   Stlth:     It makes you more stealthy.
 p - the +6 buckler "Daocwus" (worn) {Dex+2}
   (You took it off a spriggan berserker on level 2 of the Depths)

   Dex:       It affects your dexterity (+2).
 u - the +0 kite shield "Jatur" {rElec Will+++ Slay-6}
   (You found it on level 15 of the Dungeon)

   Slay:      It affects your accuracy & damage with ranged weapons and melee
   (-6).
   rElec:     It insulates you from electricity.
   Will:      It greatly increases your willpower.
 y - a +2 pair of boots of stealth (worn)
 C - a +2 pair of gloves (worn)
Jewellery
 h - a ring of willpower (left hand)
 o - a ring of resist corrosion
 r - the amulet "Plog" {Faith Drain Fly rC+ Dex+6}
   (You took it off a wizard on level 2 of the Depths)

   [amulet of faith]

   It allows you to gain divine favour quickly.
   Dex:       It affects your dexterity (+6).
   rC:        It protects you from cold.
   Fly:       It grants you flight.
   Drain:     It drains your maximum health when unequipped.
 s - the ring "Tijol" {*Corrode rC+ MP+9 Slay+3}
   (You acquired it on level 5 of the Lair of Beasts)

   [ring of magical power]

   Slay:      It affects your accuracy & damage with ranged weapons and melee
   (+3).
   rC:        It protects you from cold.
   MP:        It affects your magic capacity (+9).
   *Corrode:  It may corrode you when you take damage.
 M - a ring of protection from fire
 O - a +6 ring of dexterity (right hand)
 P - an amulet of the acrobat (around neck)
Wands
 t - a wand of digging (15)
 v - a wand of flame (52)
 w - a wand of acid (31)
 x - a wand of iceblast (42)
 z - a wand of polymorph (9)
Scrolls
 q - a scroll of torment
 L - 3 scrolls of amnesia
 R - 8 scrolls of magic mapping {!r}
 S - a scroll of summoning
 T - 9 scrolls of teleportation
 U - 5 scrolls of fear
 V - a scroll of enchant armour
 X - 8 scrolls of fog
 Y - 2 scrolls of blinking {!r}
 Z - a scroll of silence {!r}
Potions
 A - 2 potions of ambrosia
 B - 3 potions of attraction {!q}
 D - 9 potions of brilliance
 E - 3 potions of cancellation
 F - 18 potions of curing
 G - 8 potions of flight
 H - 2 potions of haste
 I - 2 potions of invisibility
 J - 3 potions of heal wounds
 K - 2 potions of magic
 N - 8 potions of might
 Q - a potion of experience {unknown}
Miscellaneous
 l - a condenser vane
 m - a phantom mirror


   Skills:
 - Level 18.0 Fighting
 - Level 8.0 Short Blades
 + Level 10.0 Throwing
 - Level 10.0 Armour
 - Level 10.0 Dodging
 + Level 10.0 Stealth
 - Level 15.0 Shields
 * Level 11.6 Unarmed Combat
 - Level 15.0 Invocations
 - Level 5.0 Evocations


You had 18 spell levels left.
You didn't know any spells.
Your spell library contained the following spells:

 Spells                   Type           Power      Damage    Failure   Level
 Apportation              Tloc           0%         N/A       75%         1
 Foxfire                  Conj/Fire      0%         2x1d4     75%         1
 Magic Dart               Conj           0%         1d3       75%         1
 Shock                    Conj/Air       0%         1d3       75%         1
 Slow                     Hex            0%         N/A       75%         1
 Summon Small Mammal      Summ           0%         N/A       75%         1
 Call Imp                 Summ           0%         N/A       86%         2
 Corpse Rot               Necr/Air       0%         N/A       86%         2
 Ensorcelled Hibernation  Hex/Ice        0%         N/A       86%         2
 Poisonous Vapours        Pois/Air       0%         N/A       86%         2
 Confusing Touch          Hex            0%         N/A       98%         3
 Gell's Gravitas          Tloc           0%         N/A       98%         3
 Ignite Poison            Fire/Tmut/Pois 0%         N/A       98%         3
 Inner Flame              Hex/Fire       0%         N/A       98%         3
 Mephitic Cloud           Conj/Pois/Air  0%         N/A       98%         3
 Ozocubu's Armour         Ice            0%         N/A       98%         3
 Swiftness                Air            0%         N/A       98%         3
 Teleport Other           Tloc           0%         N/A       98%         3
 Tukima's Dance           Hex            0%         N/A       98%         3
 Vampiric Draining        Necr           0%         2d6       98%         3
 Airstrike                Air            0%         N/A       100%        4
 Cause Fear               Hex            0%         N/A       100%        4
 Dispel Undead            Necr           0%         3d6       100%        4
 Flame Wave               Conj/Fire      0%         2d4       100%        4
 Hailstorm                Conj/Ice       0%         3d3       100%        4
 Alistair's Intoxication  Tmut/Pois      0%         N/A       100%        5
 Fireball                 Conj/Fire      0%         3d3       100%        5
 Freezing Cloud           Conj/Ice/Air   0%         6-21      100%        5
 Conjure Ball Lightning   Conj/Air       0%         3x3d6     100%        6
 Death Channel            Necr           0%         N/A       100%        6
 Dispersal                Tloc           0%         N/A       100%        6
 Simulacrum               Ice/Necr       0%         N/A       100%        6
 Malign Gateway           Summ/Tloc      0%         N/A       100%        7
 Ozocubu's Refrigeration  Ice            0%         4d5       100%        7
 Discord                  Hex            0%         N/A       100%        8
 Disjunction              Tloc           0%         N/A       100%        8
 Summon Horrible Things   Summ           0%         N/A       100%        8
 Ice Form                 Ice/Tmut       Unusable   N/A       N/A         4

Dungeon Overview and Level Annotations

Branches:
Dungeon (15/15)            Temple (1/1) D:7            Lair (6/6) D:10
 Shoals (0/4) Lair:3       Spider (4/4) Lair:4        Slime (0/5) Lair:6
    Orc (2/2) D:12            Elf (0/3) Orc:2        Vaults (1/5) D:13
 Depths (2/4) D:15         Bailey (visited)           IceCv (visited)
 WizLab (visited)

Altars:
Ashenzari
Dithmenos
Kikubaaqudgha
Makhleb
Ru
Vehumet
Yredelemnul
Beogh

Shops:
D:2 *   D:12 (   D:13 :   Orc:2 *[:(

Portals:
Hell: Depths:1
Trove: D:12 (give +3 shadow dragon scales)

Annotations:
Spider:3 Roxanne


Innate Abilities, Weirdness & Mutations

You thrive by killing the living.
You are immune to poison.
You have sharp fingernails.
Your flesh is cold resistant. (rC+)
You are immune to negative energy. (rN+++)
You do not regenerate when monsters are visible.
You are immune to unholy pain and torment.


Message History

The frost giant hits you with a +1 battleaxe of freezing!!
* * * LOW HITPOINT WARNING * * *
The frost giant freezes you.
* * * LOW HITPOINT WARNING * * *
You puncture the frost giant!
The frost giant is severely wounded.
The great orb of eyes gazes at you.
You easily resist.
You puncture the frost giant!
The frost giant is severely wounded.
You hit the frost giant.
The frost giant is severely wounded.
You hit the frost giant.
The frost giant is almost dead.
The frost giant casts a spell at you. The bolt of cold hits you!! You resist.
* * * LOW HITPOINT WARNING * * *
The great orb of eyes gazes at you.
You suddenly lose the ability to move!
The frost giant gestures at you while chanting.
The bolt of cold hits you!! You resist.
* * * LOW HITPOINT WARNING * * *
The great orb of eyes bites you but does no damage.
The frost giant points at you and mumbles some strange words.
The bolt of cold hits you! You resist.
* * * LOW HITPOINT WARNING * * *
The great orb of eyes gazes at you. You resist with almost no effort.
A storm dragon comes into view.
The frost giant hits you with a +1 battleaxe of freezing!
* * * LOW HITPOINT WARNING * * *
The frost giant freezes you.
* * * LOW HITPOINT WARNING * * *
The great orb of eyes bites you but does no damage.
The frost giant gestures at you while chanting.
The bolt of cold hits you! You resist.
* * * LOW HITPOINT WARNING * * *
The great orb of eyes gazes at you.
Your mind is blasted!
You die...

#.....# ... # #.....# ... #.....#
... #. .# #.....# .... ##. .##
#.....# ..... ..#.. #.....#
....D##########.######## #.....#
........................ #.....#
......CG........$....... #.....#
......[@................ #.....#
.[.......[.:............
#.....###########################
#................................
#................................
#>.........................!.....
#################################
..#####..........≈≈##≈≈≈≈.......8
.##.....≈≈≈≈≈≈≈≈≈≈≈≈≈≈≈≈≈≈≈≈≈≈≈..


You could see a storm dragon, a frost giant and a great orb of eyes.

Vanquished Creatures
  A caustic shrike (Depths:1)
  Arachne (Spider:2)
  2 tentacled monstrosities (Depths:2)
  A walking crystal tome (Depths:2)
  Mlioglotl (Spider:2)
  A walking earthen tome (Depths:2)
  A titan (Depths:2)
  Asterion (Spider:3)
  3 deep elf master archers (WizLab)
  Frances (D:12)
  Agnes (Spider:2)
  3 tengu reavers
  A storm dragon (Depths:2)
  6 fire giants
  3 fenstrider witches (WizLab)
  3 frost giants
  Louise (Spider:1)
  3 emperor scorpions (Spider:4)
  4 ghost moths
  A spriggan defender (Depths:2)
  7 stone giants
  4 entropy weavers
  Azrael (Spider:1)
  2 dire elephants
  3 eleionomae (WizLab)
  9 spark wasps
  2 merfolk impalers (Depths:2)
  A green death (Abyss:2)
  6 fire dragons
  2 ettins (Depths:2)
  3 shambling mangroves (WizLab)
  4 great orbs of eyes
  A yaktaur captain (Vaults:1)
  9 hydras
  A rakshasa (D:13)
  Harold (Orc:1)
  3 ice dragons (Depths:2)
  4 vault guards (D:13)
  3 spriggan air magi (Depths:2)
  5 catoblepae
  2 deep troll shamans
  2 ironbound frosthearts (IceCv)
  6 boulder beetles
  4 satyrs (WizLab)
  16 centaur warriors
  12 two-headed ogres
  12 death yaks
  3 deep troll earth magi
  2 vampire magi
  6 naga sharpshooters (WizLab)
  A tengu warrior (Depths:2)
  Urug (Orc:1)
  8 spriggan berserkers
  An orc high priest (Orc:2)
  7 hell knights (Depths:1)
  A large abomination (Abyss:2)
  3 iron trolls
  A wretched star (Abyss:2)
  A spriggan (Depths:2)
  A fire crab (Lair:5)
  A golden dragon zombie (Depths:2)
  7 deep trolls
  5 glowing orange brains
  A lindwurm (Lair:6)
  2 wizards (Depths:2)
  4 starcursed masses (Abyss:2)
  2 necromancers
  4 orc knights
  Pikel (D:6)
  16 ugly things
  24 orb spiders
  The ghost of RNPValinor the Carver, a novice PaFi of Okawaru (D:5)
  3 deep elf pyromancers (D:14)
  7 cyclopes
  2 oklob plants (WizLab)
  25 wolf spiders
  5 manticores
  5 fauns (WizLab)
  7 orc sorcerers
  3 moths of wrath
  22 elephants
  8 black mambas
  Joseph (D:7)
  A molten gargoyle (Lair:6)
  An ice statue (IceCv)
  A gargoyle (D:10)
  16 cane toads
  An orange demon (Abyss:2)
  An efreet (D:13)
  3 rime drakes
  Psyche (D:10)
  2 yaktaurs (WizLab)
  A tengu conjurer (Depths:2)
  9 demonic crawlers
  9 komodo dragons
  18 jumping spiders
  7 meliai (Depths:2)
  A polar bear (shapeshifter) (D:15)
  10 polar bears
  9 trolls
  10 hornets
  A tengu simulacrum (Depths:2)
  A dream sheep (shapeshifter) (Depths:2)
  A wind drake (Lair:3)
  11 blink frogs
  A fire giant simulacrum (Depths:2)
  A ynoxinul (Abyss:2)
  A shadow (D:12)
  3 wraiths
  60 redbacks
  9 water elementals (Depths:2)
  6 wyverns
  19 tarantellas
  A yak (shapeshifter) (D:14)
  74 yaks
  8 basilisks
  Menkaure (D:4)
  3 fire elementals (Spider:1)
  7 vampire mosquitoes
  2 fire bats (Lair:6)
  5 wargs
  3 hell hounds (Spider:1)
  17 water moccasins
  Duvessa (D:5)
  35 orc warriors
  A sky beast (D:6)
  7 ogres
  A necrophage (D:7)
  31 wolves
  19 centaurs
  2 lemures (D:6)
  3 phantoms (D:6)
  2 kobold brigands
  9 bullfrogs
  3 gnoll sergeants
  5 scorpions
  2 water moccasin zombies (D:5)
  Dowan (D:5)
  4 electric eels
  13 wights
  3 howler monkeys
  A bullfrog zombie (D:5)
  A centaur skeleton (D:5)
  A centaur zombie (D:5)
  3 jellies
  6 hounds
  16 orc priests
  A bullfrog skeleton (D:5)
  3 iguanas
  22 orc wizards
  13 hell rats
  Terence (D:2)
  A hound skeleton (D:5)
  A howler monkey zombie (D:6)
  14 gnolls
  A howler monkey skeleton (D:7)
  5 adders
  13 river rats (D:5)
  4 white imps
  An ufetubus (D:5)
  2 adder skeletons (D:4)
  A dart slug (D:2)
  5 worms
  84 orcs
  8 ball pythons
  9 bats
  13 endoplasms
  4 giant cockroaches
  7 hobgoblins
  6 jackals
  7 quokkas
  3 frilled lizards
  12 goblins
  26 kobolds
  20 rats
1149 creatures vanquished.

Vanquished Creatures (collateral kills)
  2 caustic shrikes (Depths:1)
  An elephant (Lair:2)
  A spriggan (Lair:2)
  A redback (Spider:2)
  8 orc warriors (Orc:2)
  2 centaurs (Orc:2)
  An orc priest (Orc:2)
  2 orcs (Orc:2)
18 creatures vanquished.

Vanquished Creatures (others)
  A ghost moth (Spider:4)
  An ogre mage (D:15)
  A centaur (Orc:2)
  A bush (Lair:3)
  115 fungi
  137 plants
  5 toadstools (D:1)
261 creatures vanquished.

Grand Total: 1428 creatures vanquished

Notes
Turn   | Place    | Note
-------+----------+-------------------------------------------
     0 | D:1      | wakim the Ghoul Monk began the quest for the Orb.
     0 | D:1      | Reached XP level 1. HP: 19/19 MP: 0/0
   191 | D:1      | Reached XP level 2. HP: 19/26 MP: 1/1
   762 | D:1      | Reached XP level 3. HP: 25/33 MP: 2/2
  1298 | D:2      | Noticed Terence
  1383 | D:2      | Reached skill level 4 in Fighting
  1420 | D:2      | Found Jueth's General Store.
  1424 | D:2      | Bought a scroll of identify for 28 gold pieces
  1446 | D:2      | Reached XP level 4. HP: 37/40 MP: 3/3
  1674 | D:2      | Reached skill level 5 in Unarmed Combat
  1839 | D:2      | Killed Terence
  2218 | D:3      | Reached XP level 5. HP: 42/47 MP: 4/4
  2813 | D:4      | Identified a scroll of acquirement
  2813 | D:4      | Acquired a +4 quick blade
  2853 | D:4      | Reached skill level 1 in Short Blades
  2918 | D:4      | Reached XP level 6. HP: 32/55 MP: 5/5
  3065 | D:4      | Reached skill level 5 in Fighting
  3799 | D:5      | Entered Level 5 of the Dungeon
  3855 | D:5      | Reached XP level 7. HP: 54/61 MP: 6/6
  3872 | D:5      | Noticed Menkaure
  3897 | D:4      | Killed Menkaure
  3915 | D:5      | Reached skill level 6 in Fighting
  4085 | D:5      | Noticed Duvessa
  4092 | D:5      | Noticed Dowan
  4111 | D:5      | Killed Duvessa
  4112 | D:5      | Reached skill level 5 in Short Blades
  4131 | D:5      | Reached XP level 8. HP: 38/71 MP: 7/7
  4137 | D:5      | Killed Dowan
  4214 | D:5      | Found a runed translucent gate.
  4214 | D:5      | Noticed RNPValinor's ghost (novice PaFi)
  4215 | D:5      | Found a runed translucent gate.
  4216 | D:5      | Found a runed translucent gate.
  4680 | D:5      | Reached skill level 7 in Fighting
  5042 | D:6      | Noticed Pikel
  5071 | D:6      | Killed Pikel
  5072 | D:6      | Reached skill level 8 in Fighting
  5072 | D:6      | Reached XP level 9. HP: 43/81 MP: 8/8
  5333 | D:6      | Reached skill level 9 in Fighting
  5573 | D:6      | Found a sacrificial altar of Ru.
  5577 | D:6      | Found a shadowy altar of Dithmenos.
  5932 | D:7      | Reached skill level 10 in Fighting
  6207 | D:7      | Found a staircase to the Ecumenical Temple.
  6269 | D:7      | Reached skill level 11 in Fighting
  6400 | D:7      | Noticed Joseph
  6419 | D:7      | Killed Joseph
  6420 | D:7      | Reached XP level 10. HP: 45/96 MP: 9/9
  6604 | D:8      | Reached skill level 12 in Fighting
  7085 | D:8      | Found a basalt altar of Yredelemnul.
  7202 | D:9      | Reached skill level 1 in Armour
  7202 | D:9      | Reached skill level 1 in Evocations
  7315 | D:9      | Found a flagged portal.
  7367 | Bailey   | Entered a bailey
  7483 | Bailey   | Noticed an orc knight
  7484 | Bailey   | Found an iron altar of Okawaru.
  7524 | Bailey   | HP: 1/99 [orc knight/stone (8)]
  7525 | Bailey   | Killed an orc knight
  7900 | D:9      | Noticed a two-headed ogre
  7927 | D:9      | Killed a two-headed ogre
  8646 | D:10     | Entered Level 10 of the Dungeon
  8687 | D:10     | Noticed Psyche
  8707 | D:10     | Killed Psyche
  8708 | D:10     | Reached XP level 11. HP: 69/105 MP: 8/10
  8811 | D:10     | Noticed a two-headed ogre
  8830 | D:10     | Killed a two-headed ogre
  8831 | D:10     | Reached skill level 5 in Dodging
  9095 | Temple   | Entered the Ecumenical Temple
  9105 | Temple   | Became a worshipper of Makhleb the Destroyer
  9105 | Temple   | Reached * piety under Makhleb
  9105 | Temple   | Reached ** piety under Makhleb
  9251 | D:5      | Killed RNPValinor's ghost
  9371 | D:2      | Bought the +2 scale mail of Adghatiten {Str+4 Dex+2 Slay+5
                  | Stlth+} for 803 gold pieces
  9795 | D:10     | Found a staircase to the Lair.
 10323 | Lair:1   | Entered Level 1 of the Lair of Beasts
 10424 | Lair:1   | Reached skill level 5 in Armour
 10424 | Lair:1   | Reached skill level 5 in Evocations
 10447 | Lair:1   | Noticed an eight-headed hydra
 10467 | Lair:1   | Killed an eight-headed hydra
 10607 | Lair:1   | Reached skill level 1 in Invocations
 10755 | Lair:1   | Reached *** piety under Makhleb
 10852 | Lair:1   | Reached skill level 5 in Invocations
 10921 | Lair:1   | Reached skill level 1 in Throwing
 11071 | Lair:1   | Reached XP level 12. HP: 113/113 MP: 13/15
 11079 | Lair:1   | Noticed a six-headed hydra
 11090 | Lair:1   | Killed a six-headed hydra
 11628 | Lair:2   | Reached skill level 13 in Fighting
 12284 | Lair:2   | Noticed a four-headed hydra
 12308 | Lair:2   | Killed a four-headed hydra
 12348 | Lair:2   | Reached **** piety under Makhleb
 12464 | Lair:2   | Noticed a four-headed hydra
 12606 | Lair:2   | Noticed a dire elephant
 12634 | Lair:2   | Reached XP level 13. HP: 111/123 MP: 19/19
 12674 | Lair:2   | Reached skill level 14 in Fighting
 12674 | Lair:2   | Reached skill level 5 in Throwing
 12674 | Lair:2   | Reached skill level 10 in Invocations
 12742 | Lair:2   | Killed a dire elephant
 13557 | Lair:3   | Reached ***** piety under Makhleb
 13671 | Lair:3   | Reached skill level 15 in Fighting
 13858 | Lair:3   | You fall into a shaft and drop 2 floors!
 13907 | Lair:5   | Found a frozen archway.
 13966 | IceCv    | Entered an ice cave
 14011 | IceCv    | Reached skill level 1 in Shields
 14543 | IceCv    | Reached XP level 14. HP: 114/135 MP: 13/20
 14872 | IceCv    | Reached skill level 16 in Fighting
 15098 | Lair:5   | Acquired the ring "Tijol" {*Corrode rC+ MP+9 Slay+3}
 15547 | Lair:5   | Acquired a +1 pair of gloves of infusion
 15942 | Lair:4   | Found a hole to the Spider Nest.
 16213 | Lair:4   | Reached ****** piety under Makhleb
 16960 | Lair:3   | Found a staircase to the Shoals.
 17027 | Lair:6   | Entered Level 6 of the Lair of Beasts
 17150 | Lair:6   | Found a staircase to the Slime Pits.
 18050 | Lair:6   | Reached XP level 15. HP: 144/144 MP: 0/23
 18508 | Lair:6   | Got Ami Weh's Volume of Heat and the Entourage
 18509 | Lair:6   | Identified the +6 lajatang "Ohituf Womm" {elec, rCorr}
 19752 | D:2      | Bought a potion of flight for 42 gold pieces
 19752 | D:2      | Bought a potion of curing for 42 gold pieces
 19752 | D:2      | Bought a scroll of fear for 49 gold pieces
 20054 | D:12     | Noticed Frances
 20127 | D:12     | Found a staircase to the Orcish Mines.
 20127 | D:12     | Found Peschaoje's Weapon Shop.
 20621 | D:12     | Killed Frances
 20940 | D:12     | Found a portal to a secret trove of treasure.
 21257 | Orc:1    | Entered Level 1 of the Orcish Mines
 21318 | Orc:1    | Noticed Harold
 21328 | Orc:1    | Killed Harold
 21336 | Orc:1    | Noticed Urug
 21348 | Orc:1    | Killed Urug
 22226 | Orc:2    | Entered Level 2 of the Orcish Mines
 22390 | Orc:2    | Found a staircase to the Elven Halls.
 23138 | Orc:2    | Found Nup Zoh's Antique Armour Boutique.
 23138 | Orc:2    | Found Iwneczel's Book Emporium.
 23140 | Orc:2    | Found Anakk's Weapon Shoppe.
 23142 | Orc:2    | Found Durof's General Store.
 23928 | D:13     | Found Wojyfus's Book Emporium.
 24213 | D:13     | Found a gate to the Vaults.
 24310 | D:13     | Reached skill level 10 in Armour
 24310 | D:13     | Reached skill level 10 in Dodging
 24314 | D:13     | Reached XP level 16. HP: 108/151 MP: 0/25
 24668 | D:14     | Found a broken altar of Ashenzari.
 25016 | D:14     | Reached skill level 5 in Shields
 25656 | D:14     | Acquired the +2 helmet of Activism {rF+}
 25952 | D:15     | Entered Level 15 of the Dungeon
 26362 | Orc:2    | Bought a pair of glowing gloves for 232 gold pieces
 27294 | D:15     | Found a staircase to the Depths.
 27383 | D:15     | Identified the +0 kite shield "Jatur" {rElec Will+++
                  | Slay-6}
 27694 | Spider:1 | Entered Level 1 of the Spider Nest
 27779 | Spider:1 | Noticed Azrael
 27805 | Spider:1 | Killed Azrael
 28173 | Spider:1 | Noticed Louise
 28216 | Spider:1 | Killed Louise
 29000 | Spider:1 | Reached skill level 10 in Shields
 29229 | Spider:2 | Noticed Mlioglotl
 29251 | Spider:2 | Killed Mlioglotl
 29258 | Spider:1 | Reached XP level 17. HP: 120/160 MP: 0/26
 29274 | Spider:2 | Noticed Agnes
 29279 | Spider:2 | Noticed Arachne
 29281 | Spider:2 | Killed Agnes
 29601 | Spider:2 | Killed Arachne
 29954 | Spider:2 | Reached skill level 17 in Fighting
 30368 | Spider:3 | Noticed Asterion
 30556 | Spider:3 | Noticed Roxanne
 30603 | Spider:3 | Killed Asterion
 32262 | Spider:4 | Entered Level 4 of the Spider Nest
 34485 | Spider:4 | Got a gossamer rune of Zot
 34745 | Vaults:1 | Entered Level 1 of the Vaults
 34766 | Vaults:1 | Reached XP level 18. HP: 171/171 MP: 27/27
 34860 | Depths:1 | Entered Level 1 of the Depths
 34885 | Depths:1 | Found a radiant altar of Vehumet.
 34963 | Depths:1 | Reached skill level 5 in Stealth
 35332 | Depths:1 | Reached skill level 18 in Fighting
 35361 | Depths:1 | Noticed a lich
 35415 | Depths:1 | Found a magical portal.
 35433 | WizLab   | Entered Eringya's Formal Garden
 36614 | WizLab   | Noticed a deep elf master archer
 36625 | WizLab   | Killed a deep elf master archer
 36813 | WizLab   | Noticed a deep elf master archer
 36830 | WizLab   | Killed a deep elf master archer
 37396 | WizLab   | Found a blossoming altar of Fedhas.
 37457 | WizLab   | Noticed a deep elf master archer
 37504 | WizLab   | Killed a deep elf master archer
 37745 | Depths:1 | Reached skill level 15 in Shields
 37760 | Depths:1 | Identified the +10 war axe of the Saving Soothsayer
                  | {protect, rC+ Int-2 Stlth+}
 37971 | Depths:1 | Noticed a caustic shrike
 37978 | Depths:1 | Noticed a caustic shrike
 37985 | Depths:1 | Noticed a caustic shrike
 37994 | Depths:1 | Killed a caustic shrike
 38000 | Depths:1 | Killed a caustic shrike
 38005 | Depths:1 | Killed a caustic shrike
 38561 | Depths:1 | Reached XP level 19. HP: 112/179 MP: 29/29
 38792 | Depths:1 | Found a gateway to Hell.
 39326 | Depths:2 | Noticed a walking crystal tome
 39342 | Depths:2 | Killed a walking crystal tome
 39479 | Depths:2 | Reached skill level 15 in Invocations
 40018 | Depths:2 | Noticed a tentacled monstrosity
 40071 | Depths:2 | Killed a tentacled monstrosity
 40351 | Depths:2 | Reached skill level 10 in Unarmed Combat
 40655 | Depths:2 | Identified the +5 scimitar of Calculation {flame, rF-
                  | Str+5}
 40655 | Depths:2 | Identified the +6 buckler "Daocwus" {Dex+2}
 41093 | Depths:2 | Cast into level 2 of the Abyss (a wizard)
 41116 | Abyss:2  | Identified the +3 leather armour "Muqot" {rElec rC+}
 41483 | Depths:2 | Escaped the Abyss
 42140 | Depths:2 | Noticed a tentacled monstrosity
 42163 | Depths:2 | Killed a tentacled monstrosity
 42230 | Depths:2 | Identified the amulet "Plog" {Faith Drain Fly rC+ Dex+6}
 42236 | Depths:2 | Reached skill level 10 in Throwing
 42390 | Depths:2 | Reached skill level 10 in Stealth
 42398 | Depths:2 | Paralysed by a great orb of eyes for 6 turns
 42402 | Depths:2 | HP: 2/179 [frost giant/bolt of cold (15)]
 42402 | Depths:2 | Blown up by a great orb of eyes

Illustrated notes

Levels and vault maps discovered:
D:1:      ldierk_walled_garden, layout_basic, minivault_14, nrook_uturn,
          amcnicky_mini_pool_small
D:2:      layout_basic, serial_shops, nicolae_shop_behind_doors, uniq_terence
D:3:      layout_basic, serial_forest, infiniplex_forest_clump_double,
          infiniplex_forest_straight_2, infiniplex_forest_lined_room_,
          infiniplex_forest_lined_room_2, infiniplex_forest_clump_small,
          minivault_5
D:4:      wad_lake_hut, layout_loops_ring, hangedman_decor_riveting
D:5:      lemuel_ratsnest, layout_basic, biasface_ghost_orc_armoury,
          uniq_menkaure, uniq_duvessa
D:6:      layout_loops_ring, minitemple, minivault_11, uniq_pikel
D:7:      layout_loops_ring, temple_pool_b, minmay_fractal_squares_gapless_5,
          uniq_joseph
D:8:      layout_rooms, kennysheep_mini_moat
D:9:      layout_stronghold, enter_bailey_3
D:10:     layout_loops_ring, erik_lair_orcish_takeover, uniq_psyche
D:11:     layout_basic
D:12:     layout_loops_ring, orc_david_3, nicolae_trove_entry_columns,
          lemuel_old_faithful, uniq_frances
D:13:     layout_cave_pools, lightli_vaults_fourway_checkpoint, serial_shops,
          shop
D:14:     layout_loops_corners, nicolae_ashenzari_panopticon
D:15:     hangedman_depths_entry_try_elsewhere_first, layout_cave_pools
Temple:   mainiacjoe_temple_bowtie_tessellation
Lair:1:   layout_loops_ring, infiniplex_staircase_pool_2
Lair:2:   mu_elephants_graveyard, layout_cave_pods, beast_lair_carwin_5
Lair:3:   layout_regular_city, minmay_shoals_entry_beasts,
          nicolae_lair_grazing_beasts [nicolae_sub_lair_graze_edge,
          nicolae_sub_lair_graze_edge, nicolae_sub_lair_graze_edge,
          nicolae_sub_lair_graze_edge]
Lair:4:   layout_loops_ring, nicolae_spider_entry_non_spiders
Lair:5:   layout_cave_pods, portal_ice_cave_entry_pillars_1,
          infiniplex_staircase_pool
Lair:6:   evilmike_catoblepas_cave, layout_gridlike,
          nicolae_slime_entry_slimehenge, serial_rivers,
          chequers_serial_rivers_room_b, chequers_serial_rivers_room_a,
          chequers_serial_rivers_micro_a, chequers_serial_rivers_marsh
Spider:1: nicolae_spider_hilbert_zone_2 [nicolae_spider_hilbert_4_sides_1_open,
          nicolae_spider_hilbert_4_sides_1_open,
          nicolae_spider_hilbert_4_sides_1_open,
          nicolae_spider_hilbert_4_sides_1_open,
          nicolae_spider_hilbert_6_sides_1_open,
          nicolae_spider_hilbert_6_sides_1_open,
          nicolae_spider_hilbert_3_sides_1_open,
          nicolae_spider_hilbert_3_sides_1_open,
          nicolae_spider_hilbert_3_sides_1_open,
          nicolae_spider_hilbert_3_sides_1_open,
          nicolae_spider_hilbert_6_sides_1_open,
          nicolae_spider_hilbert_6_sides_1_open,
          nicolae_spider_hilbert_6_sides_1_open,
          nicolae_spider_hilbert_6_sides_1_open], uniq_azrael, uniq_louise
Spider:2: layout_spider_delve, uniq_arachne, uniq_mlioglotl, uniq_agnes
Spider:3: layout_spider_delve, nicolae_orb_island, uniq_asterion, uniq_roxanne
Spider:4: spider_rune_water
Orc:1:    layout_diamond_mine, nicolae_orc_pool_cavern, uniq_harold, uniq_urug
Orc:2:    st_orc_rangers, layout_caves
Vaults:1: nicolae_vaults_triangles, vaults_room_pool, vaults_mumra_hex,
          ontoclasm_vaults_idyll, nicolae_vaults_little_squares_4,
          hangedman_vaults_capsules, dpeg_vaults_monster_box,
          layout_vaults_omnigrid
Depths:1: layout_basic, mu_enter_wizlab_3, grunt_metal_band, minmay_door_square,
          fiery_altar_vehumet, grunt_megastairs_4
Depths:2: box_level_dp, hell_entry, pan_entry

Skill      XL: |  1  2  3  4  5  6  7  8  9 10 11 12 13 14 15 16 17 18 19 |
---------------+----------------------------------------------------------+-----
Unarmed Combat | 4 5 7 11 | 11.6
Fighting       | 4 5 6 8 11 12 13 15 16 17 18 | 18.0
Short Blades   | 2 3 5 7 8 |  8.0
Armour         | 3 6 7 10 | 10.0
Dodging        | 4 6 7 10 | 10.0
Evocations     | 3 5 |  5.0
Invocations    | 5 9 10 12 14 15 | 15.0
Throwing       | 1 4 7 8 10 | 10.0
Shields        | 3 4 10 13 15 | 15.0
Stealth        | 4 8 10 | 10.0

Action                   |  1- 3 |  4- 6 |  7- 9 | 10-12 | 13-15 | 16-18 | 19-21 || total
-------------------------+-------+-------+-------+-------+-------+-------+-------++-------
Melee: Unarmed           |   117 |   104 |       |       |       |       |       ||   221
       Quick blade       |       |   157 |   400 |   710 |  1554 |  1716 |   749 ||  5286
       Punch             |       |     5 |    10 |    36 |    13 |       |       ||    64
Throw: Dart              |       |       |     3 |    52 |     2 |       |       ||    57
       Boomerang         |       |       |       |     4 |       |       |       ||     4
Invok: Minor Destruction |       |       |       |    77 |   232 |   369 |   137 ||   815
       Major Destruction |       |       |       |       |     4 |    20 |     8 ||    32
       Lesser Servant of |       |       |       |       |     4 |     1 |       ||     5
       Greater Servant o |       |       |       |       |     1 |     5 |       ||     6
Evoke: Wand              |       |       |       |     1 |     1 |    16 |       ||    18
       Condenser vane    |       |       |       |       |       |     1 |       ||     1
  Use: Scroll            |     5 |     8 |     3 |     8 |    10 |    11 |     1 ||    46
       Potion            |       |       |       |     1 |       |     2 |       ||     3
 Stab: Sleeping          |     5 |     1 |       |     1 |    14 |     8 |     6 ||    35
       Distracted        |       |       |       |     1 |     2 |     2 |       ||     5
       Petrifying        |       |       |       |       |     5 |       |       ||     5
       Petrified         |       |       |       |       |     2 |       |       ||     2
Armor: Robe              |    27 |    19 |       |       |       |       |       ||    46
       Scale mail        |       |    72 |    73 |   153 |   324 |   478 |   100 ||  1200
Dodge: Dodged            |    59 |   115 |    76 |   215 |   485 |   651 |   138 ||  1739
Block: Buckler           |       |       |       |       |   161 |   144 |    78 ||   383
       Kite shield       |       |       |       |       |       |   437 |   121 ||   558

Table legend: (Time is in decaauts)
 A = Elapsed time spent in this place.
 B = Non-inter-level travel time spent in this place.
 C = Inter-level travel time spent in this place.
 D = Time resting spent in this place.
 E = Time spent auto-exploring this place.
 F = Levels seen in this place.
 G = Mean time per level.
                   A        B        C        D        E       F      G
               +--------+--------+--------+--------+--------+-----+--------+
         Total |  38952 |  35465 |   3487 |   5823 |  11941 |  35 | 1112.9 |
       Dungeon |  15578 |  13223 |   2355 |    755 |   5231 |  15 | 1038.5 |
        Temple |     19 |     11 |      8 |      0 |      0 |   1 |   19.0 |
          Lair |   6709 |   6162 |    547 |     23 |   2257 |   6 | 1118.2 |
   Spider Nest |   6346 |   6055 |    291 |   1885 |   2219 |   4 | 1586.5 |
  Orcish Mines |   2380 |   2192 |    188 |    342 |   1011 |   2 | 1190.0 |
        Vaults |     38 |     38 |      0 |      0 |      0 |   1 |   38.0 |
        Depths |   4371 |   4275 |     96 |   1378 |    821 |   2 | 2185.5 |
         Abyss |    340 |    340 |      0 |      0 |     43 |   1 |  340.0 |
        Bailey |    336 |    336 |      0 |     83 |     28 |   1 |  336.0 |
      Ice Cave |    936 |    936 |      0 |    160 |    222 |   1 |  936.0 |
        Wizlab |   1895 |   1895 |      0 |   1197 |    109 |   1 | 1895.0 |
               +--------+--------+--------+--------+--------+-----+--------+

Top non-repeatable levels by time:
Depths:2: 2384 daAuts
Depths:1: 1986 daAuts
  WizLab: 1895 daAuts
Spider:4: 1883 daAuts
Spider:1: 1834 daAuts
    D:14: 1772 daAuts
Spider:3: 1647 daAuts
  Lair:6: 1405 daAuts
  Lair:1: 1268 daAuts
    D:12: 1251 daAuts
  Lair:3: 1247 daAuts
     D:9: 1233 daAuts
   Orc:1: 1225 daAuts
     D:5: 1165 daAuts
   Orc:2: 1155 daAuts
